 Dungeon Crawl Stone Soup version 0.25.1-2-g60ff931 (webtiles) character file.

Game seed: 15309630598857763300

359 ChiefBigBeans the Covered (level 6, 0/53 HPs)
             Began as a Minotaur Fighter on Sept 17, 2020.
             Splashed by Ijyb's acid (12 damage)
             ... on level 3 of the Dungeon.
             The game lasted 00:09:52 (3098 turns).

ChiefBigBeans the Covered (Minotaur Fighter)        Turns: 3098, Time: 00:09:53

Health: 0/53       AC:  3    Str: 22    XL:     6   Next: 37%
Magic:  0/5        EV:  8    Int:  5    God:
Gold:   69         SH: 11    Dex: 10    Spells: 5/5 levels left

rFire    . . .     SeeInvis .   n - +2 dagger (flame)
rCold    . . .     Gourm    .   c - +1 kite shield
rNeg     . . .     Faith    .   b - +0 scale mail
rPois    .         Spirit   +   (helmet restricted)
rElec    .         Reflect  .   (no cloak)
rCorr    .         Harm     .   (no gloves)
MR       .....                  (no boots)
Stlth    ..........             e - amulet of guardian spirit
HPRegen  0.17/turn              (no ring)
MPRegen  0.09/turn              (no ring)

@: corroded
A: retaliatory headbutt, horns 2
a: no special abilities


You were on level 3 of the Dungeon.
You were not hungry.

You visited 1 branch of the dungeon, and saw 3 of its levels.

You collected 69 gold pieces.

Inventory:

Hand Weapons
 a - a +0 trident
 h - a +0 flail
 n - a +2 dagger of flaming (weapon)
Armour
 b - a +0 scale mail (worn)
 c - a +1 kite shield (worn)
Jewellery
 e - an amulet of guardian spirit (around neck)
Scrolls
 g - 2 scrolls of remove curse {unknown}
 i - 2 scrolls of noise {unknown}
 j - 2 scrolls of identify
 k - a scroll of fear {unknown}
Potions
 d - a potion of resistance
Comestibles
 f - 4 rations


   Skills:
 + Level 4.5 Fighting
 * Level 3.3 Short Blades
 - Level 2.7 Polearms
 + Level 5.4 Armour
 + Level 2.0 Dodging
 + Level 0.1 Stealth
 + Level 5.1 Shields


You had 5 spell levels left.
You didn't know any spells.
Your spell library was empty.

Dungeon Overview and Level Annotations

Branches:
Dungeon (3/15)

Altars:
Elyvilon

Annotations:
D:3 Ijyb


Innate Abilities, Weirdness & Mutations

You reflexively headbutt those who attack you in melee.
You have a pair of horns on your head.


Message History

There is an open door here.
Found a ration.
Found a ration.
Ijyb the Twisted Goblin comes into view.
She is carrying a wand of acid (8).
Ijyb shouts!
You hit Ijyb but do no damage. You block Ijyb's attack.
You hit Ijyb but do no damage. Your headbutt misses Ijyb. Ijyb misses you.
You furiously retaliate!
You headbutt Ijyb, but do no damage. You closely miss Ijyb.
You closely miss Ijyb.
Ijyb zaps a wand.
The bolt of acid hits you!! The acid corrodes you!
You are splashed with acid!
You hit Ijyb. You burn Ijyb.
Ijyb is lightly wounded.
You block Ijyb's attack.
You hit Ijyb. You burn Ijyb. Your headbutt misses Ijyb.
Ijyb is lightly wounded.
Ijyb zaps a wand.
The bolt of acid hits you!
* * * LOW HITPOINT WARNING * * *
You are splashed with acid!
You die...

......... .. #.
........# ....# ###.
......%.# ....# ..#.
..%.....## .... #.#.
.........###'########.##
.........##...........##
........................
...................)..##
......g@#...............
#########...........†.##
##.#'#####+#....
#.........#..#<
##...######..## #...#
#...+ ###...######.###
#...>........#
#.############


You could see Ijyb.

Vanquished Creatures
  Grinder (D:3)
  A crimson imp (D:2)
  Jessica (D:3)
  Robin (D:2)
  3 adders
  A dart slug (D:1)
  5 orcs (D:3)
  2 ball pythons (D:2)
  2 giant cockroaches (D:3)
  15 goblins
  10 hobgoblins
  4 jackals (D:1)
  A quokka (D:2)
  7 bats
  3 frilled lizards
  6 kobolds
  5 rats (D:2)
68 creatures vanquished.

Notes
Turn   | Place    | Note
-------+----------+-------------------------------------------
     0 | D:1      | ChiefBigBeans the Minotaur Fighter began the quest for the
                  | Orb.
     0 | D:1      | Reached XP level 1. HP: 19/19 MP: 0/0
   182 | D:1      | Reached XP level 2. HP: 25/27 MP: 1/1
   955 | D:2      | Reached XP level 3. HP: 33/33 MP: 2/2
  1318 | D:2      | Reached skill level 1 in Short Blades
  1318 | D:2      | Reached XP level 4. HP: 40/40 MP: 3/3
  1686 | D:2      | Noticed Robin
  1725 | D:2      | Killed Robin
  2678 | D:3      | Found a white marble altar of Elyvilon.
  2717 | D:3      | Noticed Jessica
  2720 | D:3      | Killed Jessica
  2720 | D:3      | Reached XP level 5. HP: 40/47 MP: 4/4
  2779 | D:3      | Reached skill level 1 in Dodging
  3025 | D:3      | Noticed Grinder
  3036 | D:3      | Killed Grinder
  3036 | D:3      | Reached skill level 5 in Armour
  3036 | D:3      | Reached skill level 5 in Shields
  3036 | D:3      | Reached XP level 6. HP: 41/53 MP: 3/5
  3089 | D:3      | Noticed Ijyb
  3098 | D:3      | Splashed by Ijyb's acid

Illustrated notes

Levels and vault maps discovered:
D:1:      dpeg_arrival_solitude, layout_loops_ring, minmay_close_crescents
D:2:      layout_basic, uniq_robin
D:3:      layout_basic, elyvilon_altar_4, uniq_ijyb, uniq_grinder, uniq_jessica

Skill      XL: |  1  2  3  4  5 |
---------------+----------------+-----
Fighting       | 4 |  4.5
Shields        | 4 5 |  5.1
Armour         | 4 5 |  5.4
Short Blades   | 1 2 3 |  3.3
Dodging        | 2 |  2.0
Polearms       | |  2.7
Stealth        | |  0.1

Action                   |  1- 3 |  4- 6 || total
-------------------------+-------+-------++-------
Melee: Trident           |    49 |       ||    49
       Headbutt          |    12 |    10 ||    22
       Dagger            |    53 |    97 ||   150
  Use: Scroll            |     6 |       ||     6
       Potion            |     2 |     2 ||     4
  Eat: Ration            |     1 |     1 ||     2
Armor: Scale mail        |    70 |    52 ||   122
Dodge: Dodged            |    41 |    39 ||    80
Block: Kite shield       |    74 |    75 ||   149
